Map: Arctic Dream LE

Players

Next

  • Race: Terran Terran
  • League: Platinum
  • Spawn Location: 5:00

TerranNuke

  • Race: Zerg Zerg
  • League: Diamond
  • Spawn Location: 6:00

qqq - Winner!

  • Race: Protoss Protoss
  • Spawn Location: 11:00

Massa - Winner!

  • Race: Terran Terran
  • League: Platinum
  • Spawn Location: 12:00

VOD

Have the link to the VOD?

Description

Time

  • Played on: Oct. 11, 2020, 5:01 p.m.
  • Length: 19:44
Show
View Real Time Build Order
Export as new Build Order

Next Terran 

Build Orders:  

Get SALT Encoding   

  12  0:00  SCV  
  13  0:12  SCV  
  14  0:17  Supply Depot  
  14  0:24  SCV  
  15  0:38  SCV  
  15  0:40  Barracks  
  16  0:43  Refinery  
  16  0:50  SCV  
  17  1:03  SCV  
  18  1:15  SCV  
  19  1:27  SCV  
  19  1:32  Reaper  
  21  1:45  Command Center  
  21  1:48  Orbital Command  
  20  2:29  SCV  
  21  2:34  Barracks Tech Lab  
  21  2:35  Barracks  
  21  2:41  SCV, Supply Depot  
  22  2:53  SCV  
  22  2:57  Refinery, Stimpack  
  23  3:00  Marine  
  24  3:18  Marine  
  24  3:19  Orbital Command  
  24  3:21  SCV  
  23  3:33  SCV  
  24  3:36  Marine  
  25  3:45  SCV  
  26  3:49  Factory  
  26  3:53  Marine  
  27  3:56  SCV  
  27  3:57  SCV  
  30  4:04  Barracks Reactor  
  30  4:08  SCV  
  30  4:09  SCV, Supply Depot  
  31  4:11  Marine  
  32  4:20  SCV  
  32  4:21  SCV  
  34  4:29  Marine  
  34  4:30  Refinery  
  35  4:32  SCV  
  35  4:33  SCV  
  35  4:36  Factory Tech Lab  
  37  4:39  Starport  
  37  4:42  Marine  
  37  4:43  Marine  
  37  4:44  SCV  
  37  4:45  Combat Shield  
  40  4:46  SCV  
  40  4:47  Marine  
  40  4:51  Supply Depot  
  42  4:58  SCV x2  
  44  5:00  Marine  
  44  5:02  Refinery  
  44  5:05  Marine  
  46  5:07  Supply Depot  
  46  5:10  SCV x2  
  48  5:14  Siege Tank  
  48  5:16  Starport Reactor  
  48  5:18  Marine  
  52  5:22  SCV x2, Marine  
  52  5:23  Engineering Bay  
  55  5:34  SCV  
  55  5:35  SCV, Marine  
  57  5:36  Marine  
  57  5:40  Marine  
  60  5:46  SCV, Siege Tank  
  60  5:47  SCV  
  62  5:57  Marine x2  
  62  5:58  Marine  
  65  6:07  Missile Turret  
  65  6:14  Missile Turret  
  65  6:18  Missile Turret, Siege Tank  
  52  6:51  Marine x3  
  52  6:52  Viking  
  52  6:53  Viking  
  59  6:55  Siege Tank  
  62  7:09  Marine x3  
  64  7:26  Marine  
  64  7:27  Marine, Siege Tank  
  65  7:41  Marine  
  62  7:44  Marine x2  
  61  7:59  Marine, Siege Tank  
  61  8:00  Command Center  
  61  8:02  Marine  
  61  8:04  Barracks  
  61  8:05  Terran Infantry Weapons Level 1  
  66  8:07  Barracks  
  66  8:08  Sensor Tower  
  66  8:12  Sensor Tower  
  66  8:15  Missile Turret  
  66  8:18  SCV  
  67  8:25  Marine x3  
  70  8:29  Concussive Shells  
  70  8:49  Supply Depot x2  
  70  8:57  Marine x2  
  70  9:00  SCV  
  70  9:05  Marine  
  70  9:10  Viking x2  
  70  9:12  SCV  
  70  9:15  Marine x2  
  77  9:23  Marine  
  76  9:24  SCV  
  75  9:36  SCV  
  61  9:40  Viking  
  61  9:41  Marauder  
  60  9:52  Marine x3  
  59  9:59  Terran Infantry Armor Level 1  
  53  10:02  Cyclone  
  53  10:03  Marauder  
  58  10:10  Marine x3  
  61  10:24  Marine  
  62  10:34  Cyclone  
  65  10:37  Barracks Tech Lab  
  65  10:44  Command Center  
  65  10:49  Missile Turret  
  65  10:52  Missile Turret  
  65  10:55  Missile Turret  
  65  10:59  Marauder x2, Marine x2, Missile Turret  
  71  11:08  Supply Depot x2  
  71  11:11  Supply Depot  
  71  11:15  Viking x2  
  71  11:17  Marine x2  
  77  11:20  Marauder, Marine  
  80  11:33  Supply Depot  
  80  11:34  Marine x2  
  80  11:37  Marine  
  83  11:41  Marine  
  83  11:45  Medivac x2  
  88  11:52  Marine x2  
  88  11:53  Hi-Sec Auto Tracking  
  90  11:55  Marine  
  90  11:59  Marine  
  92  12:10  Marine x2  
  92  12:13  Marine  
  92  12:15  Medivac  
  97  12:16  Marine  
  97  12:19  Medivac  
  100  12:28  Marine x2  
  102  12:31  SCV, Marauder  
  102  12:35  Marauder  
  107  12:39  Starport  
  107  12:43  SCV  
  108  12:44  Factory, Medivac  
  108  12:46  Marine x2  
  108  12:49  Medivac  
  114  12:52  Marine  
  114  12:56  Marine  
  116  13:03  Marine  
  73  13:32  Marine  
  73  13:33  Marine x3  
  67  13:37  Orbital Command  
  67  13:50  Marine  
  67  13:51  Marine x3  
  67  13:52  SCV  
  67  13:53  SCV  
  73  14:00  Factory Tech Lab  
  73  14:03  Starport Tech Lab  
  73  14:04  SCV  
  73  14:05  SCV  
  73  14:08  Marine  
  73  14:09  Marine x3  
  79  14:16  SCV  
  67  14:17  SCV  
  61  14:26  Marine x4  
  61  14:28  SCV  
  61  14:29  SCV  
  64  14:36  Barracks  
  64  14:37  Barracks  
  64  14:41  SCV x2  
  64  14:43  Siege Tank  
  64  14:44  Marine x4  
  64  14:45  Siege Tank  
  76  14:47  Viking  
  76  14:48  Viking  
  80  15:01  Marine  
  80  15:02  Marine x3  
  84  15:15  Siege Tank  
  84  15:17  Command Center, Siege Tank  
  84  15:19  Marine  
  84  15:20  Marine x3  
  94  15:25  Barracks Tech Lab x2  
  94  15:37  Marine  
  94  15:38  Marine x3  
  97  15:47  Siege Tank  
  97  15:49  Siege Tank  
  102  15:55  Marine x4  
  106  16:00  Refinery  
  106  16:01  SCV  
  106  16:02  Refinery  
  100  16:13  SCV, Marine x2  
  100  16:14  Marauder x2  
  107  16:19  Siege Tank  
  107  16:21  Siege Tank  
  107  16:25  SCV  
  114  16:35  Marauder x2  
  118  16:46  SCV  
  118  16:47  SCV x2  
  121  16:51  Siege Tank  
  121  16:54  Siege Tank  
  127  16:56  Marauder x2  
  127  16:57  Marauder x2, Marine  
  127  16:58  SCV, Marine  
  127  16:59  SCV x2  
  140  17:06  SCV  
  141  17:10  Refinery  
  141  17:11  SCV  
  141  17:15  Marine x2  
  143  17:18  Marauder x2, Supply Depot  
  143  17:19  Supply Depot  
  143  17:20  Supply Depot  
  143  17:21  Supply Depot  
  143  17:22  Supply Depot  
  148  17:38  SCV  
  148  17:39  Marauder, Marine x3  
  148  17:40  Marauder x2  
  137  17:50  SCV  
  109  17:57  Marine x3  
  104  17:59  Marine  
  104  18:01  Marine x2  
  104  18:03  SCV  
  104  18:15  Marine x3  
  104  18:17  Marine  
  104  18:19  Marine x2  
  108  18:23  Missile Turret  
  103  18:33  Marine x3  
  94  18:35  Marine  
  94  18:37  Marine x2  
  80  18:49  Missile Turret x2  
  80  18:51  Marine x3  
  80  18:53  Marine  
  80  18:54  Marine x2  
  70  19:09  Marine x3  
  63  19:11  Marine  
  63  19:12  Marine x2  
Show
View Real Time Build Order
Export as new Build Order

TerranNuke Zerg 

Build Orders: Hatch First, Lurkers 

Get SALT Encoding   

  12  0:02  Drone  
  13  0:08  Drone  
  14  0:17  Overlord  
  14  0:35  Drone x2  
  16  0:50  Hatchery  
  16  0:52  Drone  
  16  0:56  Drone  
  17  1:00  Drone  
  18  1:08  Extractor  
  17  1:17  Spawning Pool  
  16  1:28  Drone  
  16  1:29  Drone  
  19  1:40  Drone  
  19  1:44  Overlord  
  19  2:02  Extractor  
  19  2:06  Drone  
  19  2:07  Drone x2  
  21  2:11  Roach Warren  
  20  2:21  Zergling x2  
  21  2:27  Queen  
  24  2:30  Drone x2  
  27  2:51  Roach x4  
  27  2:56  Drone x2  
  33  3:13  Ravager x2  
  33  3:15  Overlord  
  35  3:49  Ravager x2  
  35  3:55  Overlord x2  
  37  3:56  Overlord  
  37  4:06  Hatchery  
  30  4:19  Drone  
  31  4:38  Roach x5  
  41  5:08  Hatchery  
  41  5:12  Roach  
  41  5:13  Roach x3  
  48  5:19  Ravager  
  48  5:20  Ravager x4  
  53  5:26  Queen  
  55  5:29  Drone  
  56  5:36  Zergling x4  
  56  5:37  Zergling x2  
  59  5:45  Drone x2  
  59  5:48  Drone  
  62  5:51  Drone  
  63  6:17  Zergling x10  
  54  6:54  Zergling x4, Roach  
  54  6:55  Zergling x8, Roach x5  
  52  7:19  Drone  
  52  7:20  Drone x5  
  55  7:25  Lair  
  55  7:33  Spore Crawler  
  55  7:35  Metabolic Boost  
  55  7:36  Spore Crawler  
  53  7:41  Queen, Spore Crawler  
  53  7:42  Spore Crawler  
  53  7:59  Drone x3  
  53  8:00  Drone  
  53  8:02  Extractor  
  53  8:03  Drone x2  
  53  8:04  Drone x2  
  53  8:05  Drone, Extractor  
  60  8:29  Hydralisk Den  
  60  8:33  Drone x3  
  60  8:34  Evolution Chamber x2  
  59  8:46  Spore Crawler  
  58  8:53  Spore Crawler  
  58  8:57  Drone x2  
  58  8:58  Drone x2, Hydralisk  
  58  9:01  Overlord x4  
  58  9:02  Overlord  
  49  9:31  Hydralisk  
  49  9:32  Hydralisk x4, Zergling x8  
  49  9:33  Zergling x4  
  65  9:55  Hydralisk  
  65  9:56  Hydralisk x5  
  74  10:14  Zerg Missile Weapons Level 1, Zerg Ground Armor Level 1  
  74  10:15  Muscular Augments  
  74  10:22  Drone x2  
  76  10:35  Drone x4  
  79  10:36  Drone x6  
  79  10:37  Drone  
  87  10:54  Drone  
  87  10:55  Drone x3  
  91  11:01  Extractor x2, Drone x2  
  91  11:02  Drone x2  
  91  11:03  Drone x2  
  95  11:14  Hydralisk x5  
  105  11:27  Grooved Spines  
  105  11:47  Overlord  
  105  11:48  Overlord x5  
  105  12:03  Hatchery  
  105  12:05  Infestation Pit  
  103  12:08  Zerg Ground Armor Level 2, Zerg Missile Weapons Level 2  
  103  12:09  Hydralisk  
  103  12:10  Hydralisk x7  
  119  12:42  Hive  
  119  12:48  Zergling x2  
  119  12:49  Zergling x18  
  116  13:19  Hydralisk  
  81  13:20  Hydralisk x15  
  102  13:40  Lurker Den  
  95  14:06  Hydralisk  
  95  14:07  Hydralisk x19  
  110  14:20  Hydralisk x5  
  94  14:34  Queen  
  96  14:40  Lurker  
  96  14:41  Lurker x5  
  102  14:57  Drone x9  
  102  14:59  Drone  
  112  15:02  Drone, Extractor  
  112  15:10  Lurker  
  112  15:11  Lurker x2  
  115  15:17  Drone x3  
  118  15:49  Hydralisk x9  
  120  15:53  Drone x3  
  134  16:52  Hydralisk x2, Viper x2  
  134  16:53  Zergling x4  
  146  16:55  Overlord x8  
  146  17:11  Hatchery, Lurker  
  146  17:13  Lurker x2  
  146  17:14  Lurker x2  
  118  18:00  Hydralisk x13  
  115  18:23  Hydralisk x2  
  115  18:24  Hydralisk x3  
  93  18:41  Hydralisk  
  93  18:42  Hydralisk  
Show
View Real Time Build Order
Export as new Build Order

qqq Protoss - Winner!

Build Orders: Cannon Rush, Carriers 

Get SALT Encoding   

  12  0:01  Probe  
  13  0:14  Pylon  
  13  0:18  Probe  
  14  0:30  Probe  
  15  0:40  Forge  
  15  0:43  Probe  
  16  0:55  Probe  
  17  1:08  Probe  
  18  1:14  Pylon  
  18  1:24  Pylon  
  18  1:26  Pylon  
  18  1:27  Pylon  
  18  1:40  Photon Cannon  
  18  1:44  Photon Cannon  
  18  1:49  Photon Cannon  
  18  1:56  Pylon  
  18  2:18  Photon Cannon  
  18  2:28  Pylon  
  18  2:34  Photon Cannon  
  18  2:37  Photon Cannon  
  18  2:46  Photon Cannon  
  18  2:47  Probe  
  19  2:58  Pylon  
  19  3:22  Probe  
  20  3:27  Gateway  
  20  3:28  Photon Cannon  
  20  3:47  Assimilator  
  20  3:57  Probe, Nexus  
  21  4:04  Pylon  
  21  4:15  Probe  
  22  4:21  Cybernetics Core  
  22  4:27  Probe  
  23  4:34  Assimilator  
  23  4:39  Probe  
  24  4:51  Probe  
  25  5:02  Stalker  
  25  5:06  Probe (Chrono Boost)  
  27  5:10  Probe (Chrono Boost)  
  28  5:20  Probe (Chrono Boost)  
  28  5:21  Probe (Chrono Boost)  
  30  5:25  Probe (Chrono Boost)  
  30  5:28  Probe  
  32  5:32  Stalker  
  32  5:35  Stargate  
  34  5:36  Probe  
  34  5:40  Probe  
  36  5:46  Assimilator  
  36  5:48  Probe  
  36  5:49  Assimilator  
  37  5:52  Probe  
  38  6:00  Probe  
  38  6:01  Nexus  
  39  6:04  Probe  
  40  6:12  Probe  
  40  6:16  Probe, Stargate  
  42  6:21  Shield Battery  
  42  6:24  Probe  
  42  6:28  Probe  
  42  6:29  Void Ray (Chrono Boost)  
  45  6:35  Pylon  
  45  6:37  Probe, Pylon  
  46  6:41  Photon Cannon  
  46  6:51  Pylon  
  46  6:52  Pylon  
  42  7:10  Probe x2  
  42  7:11  Void Ray  
  43  7:19  Pylon  
  46  7:31  Void Ray  
  51  7:37  Probe  
  51  7:45  Pylon  
  51  7:48  Pylon  
  51  7:49  Probe  
  51  7:50  Pylon  
  52  7:51  Pylon  
  52  8:01  Probe  
  53  8:07  Void Ray  
  53  8:09  Fleet Beacon  
  53  8:13  Probe  
  53  8:14  Void Ray  
  58  8:21  Nexus  
  58  8:23  Zealot  
  64  8:38  Probe  
  64  8:39  Photon Cannon  
  65  8:50  Probe, Zealot  
  64  9:05  Carrier x2  
  76  9:11  Flux Vanes  
  76  9:17  Pylon  
  76  9:19  Pylon  
  62  10:11  Carrier x2  
  72  10:14  Probe  
  72  10:17  Photon Cannon  
  72  10:19  Photon Cannon  
  73  10:26  Probe  
  74  10:32  Twilight Council, Nexus  
  74  10:38  Probe (Chrono Boost)  
  75  10:48  Probe (Chrono Boost)  
  76  10:50  Assimilator  
  76  10:53  Probe (Chrono Boost), Assimilator, Protoss Air Weapons Level 1 (Chrono Boost)  
  77  11:03  Pylon  
  77  11:04  Pylon  
  77  11:05  Probe  
  77  11:09  Void Ray  
  78  11:11  Robotics Facility  
  78  11:17  Probe  
  83  11:25  Photon Cannon  
  83  11:27  Photon Cannon  
  83  11:29  Probe  
  83  11:30  Photon Cannon  
  84  11:36  Carrier  
  90  11:41  Probe  
  90  11:45  Charge  
  91  11:53  Probe, Nexus  
  92  12:00  Probe  
  93  12:05  Probe, Pylon  
  94  12:12  Probe  
  95  12:17  Probe  
  95  12:20  Carrier, Robotics Bay  
  102  12:23  Zealot  
  102  12:24  Probe  
  102  12:27  Gateway  
  102  12:29  Probe  
  106  12:40  Carrier  
  106  12:42  Probe  
  113  12:50  Zealot  
  115  12:54  Protoss Air Armor Level 1  
  112  13:17  Zealot  
  112  13:33  Colossus  
  118  13:36  Zealot  
  120  13:41  Probe  
  120  13:44  Zealot  
  123  13:51  Photon Cannon  
  123  13:53  Probe  
  122  13:57  Nexus  
  122  14:03  Zealot  
  122  14:05  Nexus  
  124  14:18  Zealot  
  124  14:53  Robotics Facility  
  124  14:55  Dark Shrine  
  124  14:59  Pylon  
  124  15:00  Gateway, Pylon  
  124  15:07  Pylon  
  124  15:08  Colossus, Zealot x2  
  124  15:09  Pylon  
  124  15:11  Pylon  
  124  15:13  Pylon  
  134  15:15  Mothership (Chrono Boost)  
  142  15:22  Nexus  
  142  15:24  Pylon  
  142  15:25  Pylon  
  142  15:27  Pylon  
  142  15:34  Pylon  
  142  15:35  Zealot x2  
  146  15:44  Colossus  
  146  15:48  Zealot  
  154  15:53  Carrier  
  160  16:01  Colossus (Chrono Boost)  
  166  16:15  Zealot  
  168  16:20  Dark Templar x2  
  172  16:32  Protoss Ground Weapons Level 1 (Chrono Boost)  
  178  16:42  Zealot  
  178  16:44  Extended Thermal Lance  
  178  16:45  Colossus (Chrono Boost)  
  180  16:52  Colossus (Chrono Boost)  
  186  16:56  Protoss Air Armor Level 2  
  186  16:59  Dark Templar x2  
  190  17:07  Probe x2  
  192  17:09  Zealot  
  194  17:19  Probe x2  
  194  17:20  Probe  
  197  17:31  Probe x2  
  197  17:32  Probe  
  200  17:43  Probe x2  
  150  18:19  Colossus  
  156  18:23  Observer  
  137  18:45  Observer  
Show
View Real Time Build Order
Export as new Build Order

Massa Terran - Winner!

Build Orders:  

Get SALT Encoding   

  12  0:00  SCV  
  13  0:12  SCV  
  14  0:18  Supply Depot  
  14  0:24  SCV  
  15  0:40  SCV  
  15  0:41  Barracks  
  16  0:52  SCV  
  17  0:59  Refinery  
  17  1:04  SCV  
  18  1:16  SCV  
  19  1:27  Marine  
  19  1:31  Orbital Command  
  20  1:40  Command Center  
  20  1:50  Reaper  
  21  2:03  SCV  
  21  2:04  Supply Depot  
  22  2:15  SCV  
  22  2:22  Factory  
  23  2:25  Refinery, Marine  
  24  2:35  SCV  
  25  2:40  Engineering Bay  
  25  2:42  Supply Depot  
  25  2:44  Barracks Reactor  
  25  3:27  Orbital Command  
  25  3:28  SCV  
  25  3:39  Missile Turret  
  25  3:40  SCV  
  28  3:41  Widow Mine  
  28  3:45  Starport  
  28  3:46  Marine x2  
  30  3:49  Terran Infantry Weapons Level 1  
  30  3:52  SCV  
  30  3:54  Barracks  
  33  4:03  Widow Mine  
  33  4:04  SCV, Marine x2  
  36  4:21  SCV x2  
  36  4:22  Marine x2  
  40  4:26  Medivac  
  40  4:27  Factory Tech Lab  
  42  4:33  SCV x2  
  42  4:35  Armory  
  42  4:37  Missile Turret  
  44  4:40  Marine x2  
  44  4:41  Missile Turret  
  44  4:42  Barracks Tech Lab  
  46  4:55  Liberator  
  46  4:56  Refinery  
  46  4:57  Marine  
  46  4:58  Marine, Missile Turret  
  46  4:59  Refinery  
  51  5:12  Siege Tank  
  54  5:22  Supply Depot x2  
  54  5:25  Supply Depot  
  54  5:26  Supply Depot  
  54  5:44  SCV x2, Marine x2  
  58  5:56  SCV x2  
  60  6:05  Siege Tank  
  60  6:06  Marine x2  
  60  6:07  Marauder  
  60  6:08  SCV x2, Stimpack  
  69  6:20  SCV  
  69  6:24  Marine  
  61  6:44  Marine  
  61  6:45  Marauder, Marine  
  59  7:02  Marine  
  59  7:06  Marauder  
  60  7:21  Marine x2, Siege Tank  
  62  7:24  Medivac  
  62  7:27  Marauder  
  61  7:39  Marine x2  
  63  7:49  Marauder  
  65  7:51  Supply Depot x2  
  65  7:53  Supply Depot x2  
  65  7:54  Terran Vehicle And Ship Armor Level 1  
  65  7:55  Terran Infantry Armor Level 1  
  65  7:57  Marine  
  68  8:00  Engineering Bay  
  68  8:02  Liberator  
  69  8:18  Supply Depot  
  69  8:22  Marauder  
  69  8:23  Marine, Siege Tank  
  69  8:24  Marine  
  76  8:31  Terran Infantry Weapons Level 2  
  76  8:33  SCV x2  
  78  8:41  Marine x2  
  78  8:43  Marauder  
  78  8:45  SCV x2  
  84  8:57  SCV  
  84  8:59  Marine  
  70  9:51  Marauder, Marine  
  70  9:52  Marine  
  74  9:57  Medivac  
  76  10:04  Terran Infantry Armor Level 2  
  76  10:09  Marine  
  76  10:10  Marine  
  76  10:12  Marauder  
  80  10:19  Command Center  
  80  10:27  Marine x2  
  80  10:28  Barracks x2  
  84  10:29  Barracks, Factory  
  84  10:34  Marauder  
  83  10:36  Starport Reactor  
  81  10:44  Combat Shield  
  81  10:45  Marine x2  
  81  10:48  Terran Vehicle Weapons Level 1  
  83  10:53  SCV x2  
  83  10:55  Marauder  
  87  11:03  Marine x2  
  89  11:05  SCV x2  
  91  11:14  Factory Tech Lab, Factory  
  91  11:16  Barracks Reactor, Barracks Tech Lab  
  91  11:17  SCV x2, Marauder  
  91  11:18  Barracks Tech Lab  
  95  11:20  Marine  
  95  11:21  Marine  
  95  11:22  Missile Turret  
  95  11:23  Missile Turret  
  95  11:24  Siege Tank  
  100  11:26  Missile Turret  
  100  11:29  SCV x2  
  100  11:30  Orbital Command  
  102  11:38  Marauder, Marine  
  102  11:39  Refinery, Marine  
  106  11:41  SCV x2  
  106  11:42  Terran Infantry Weapons Level 3  
  106  11:43  Refinery  
  108  11:48  Armory  
  108  11:49  Command Center  
  108  11:52  Viking x2  
  112  11:56  Marine, Siege Tank  
  112  11:57  Marine, Ghost Academy  
  112  11:59  Marauder  
  119  12:03  Concussive Shells, Ghost Academy  
  119  12:08  Ghost Academy  
  119  12:14  Marine x2  
  121  12:18  SCV x3  
  124  12:26  Terran Infantry Armor Level 3  
  124  12:30  SCV, Factory Tech Lab  
  125  12:39  Supply Depot  
  125  12:42  Terran Vehicle And Ship Armor Level 2  
  125  12:44  SCV x3, Marauder x2, Marine x3, Viking x2, Supply Depot  
  133  12:45  Marauder  
  133  12:46  Supply Depot  
  133  12:48  Supply Depot  
  141  12:53  Supply Depot  
  141  13:00  SCV  
  144  13:06  Marauder  
  144  13:14  Viking  
  130  13:30  Personal Cloaking  
  130  13:31  Nuke x2  
  130  13:35  Ghost x3  
  136  13:43  Orbital Command  
  136  13:45  SCV x3  
  139  13:57  SCV x2  
  141  14:04  Ghost x3  
  131  14:38  Thor x2  
  143  14:51  Missile Turret  
  143  14:53  Enhanced Shockwaves  
  143  14:55  Command Center  
  143  14:56  Terran Vehicle Weapons Level 2, Nuke  
  143  14:59  Neosteel Armor  
  143  15:01  Smart Servos  
  143  15:03  Hi-Sec Auto Tracking  
  143  15:11  Missile Turret  
  143  15:20  SCV  
  143  15:21  SCV x3, Thor x2  
  159  15:31  Missile Turret  
  159  15:32  SCV  
  159  15:33  SCV x3  
  163  15:44  SCV  
  163  15:45  SCV x3  
  165  15:52  Missile Turret  
  165  15:56  SCV  
  166  15:57  SCV x3  
  169  16:08  SCV  
  169  16:09  SCV x3  
  169  16:27  Nuke x3  
  169  16:30  Marauder x3, Marine x3  
  169  16:32  Thor x2  
  188  16:41  Planetary Fortress  
  188  16:43  SCV x4  
  192  16:51  Marauder  
  192  16:52  Marauder x2  
  198  17:12  Marauder  
  198  17:14  Refinery  
  200  17:32  Refinery  
  192  18:22  Command Center  
Tags
 
Add a new tag
Caveats
  • Supply blocks, unpowered buildings, or Contaminate may cause inaccurate times.
  • Supply counts are checked every 10 seconds.